Map: Paladino Terminal LE

Players

Fimp

  • Race: Terran Terran
  • Spawn Location: 5:00

Loken - Winner!

  • Race: Protoss Protoss
  • League: Platinum
  • Spawn Location: 9:00

VOD

Have the link to the VOD?

Description

Time

  • Played on: April 9, 2017, 3:46 p.m.
  • Length: 8:14
Show
View Real Time Build Order
Export as new Build Order

Fimp Terran 

Build Orders:  

Get SALT Encoding   

  12  0:01  SCV  
  13  0:13  SCV  
  14  0:20  Supply Depot  
  14  0:26  SCV  
  15  0:42  SCV  
  16  0:47  Barracks  
  16  0:51  Refinery  
  16  0:55  SCV  
  17  1:08  SCV  
  18  1:20  SCV  
  19  1:35  Orbital Command  
  19  1:36  Supply Depot  
  19  1:37  Marine  
  20  2:00  SCV  
  20  2:01  Barracks Reactor  
  21  2:06  Barracks  
  21  2:25  Command Center  
  21  2:26  Factory  
  21  2:27  SCV  
  22  2:37  Marine x2  
  22  2:43  SCV  
  25  2:47  Supply Depot  
  25  2:51  Engineering Bay  
  25  2:54  Refinery  
  25  2:56  Barracks Tech Lab  
  25  3:00  Marine  
  25  3:02  SCV  
  27  3:13  Starport  
  27  3:21  Marine x2  
  27  3:22  Marine  
  30  3:27  SCV  
  30  3:30  Factory Reactor  
  31  3:40  Orbital Command  
  31  3:43  SCV  
  32  3:48  Marine  
  32  3:49  Marine  
  32  3:51  Marine  
  35  3:57  Medivac  
  35  4:00  SCV  
  38  4:08  Stimpack  
  38  4:10  Marine x2  
  38  4:14  Marine  
  41  4:18  Widow Mine  
  44  4:24  SCV x2  
  45  4:33  Missile Turret  
  45  4:35  Missile Turret  
  45  4:39  Supply Depot  
  45  4:54  Marauder  
  45  4:55  Marine x2  
  45  4:56  Widow Mine x2  
  53  5:00  Medivac  
  53  5:03  SCV x2  
  57  5:07  Terran Infantry Weapons Level 1  
  57  5:20  SCV  
  57  5:21  SCV  
  59  5:42  Marauder, Marine  
  62  5:43  Widow Mine x2, Marine  
  62  5:45  Medivac  
  59  5:50  Supply Depot  
  59  5:51  Supply Depot  
  59  5:53  SCV x2  
  61  6:05  Marine  
  61  6:10  Command Center  
  62  6:12  Marauder, Marine  
  62  6:15  Medivac  
  67  6:35  Marauder, Marine x2  
  67  6:38  Cyclone x2  
  77  6:40  SCV  
  77  6:45  Supply Depot  
  78  6:47  Supply Depot  
  78  7:06  SCV x2, Marine x2, Medivac  
  78  7:07  Marauder  
  79  7:18  SCV  
  65  7:33  Marine  
  65  7:34  Marine x2  
Show
View Real Time Build Order
Export as new Build Order

Loken Protoss - Winner!

Build Orders:  

Get SALT Encoding   

  12  0:01  Probe (Chrono Boost)  
  13  0:11  Probe (Chrono Boost)  
  14  0:19  Pylon  
  14  0:22  Probe (Chrono Boost)  
  15  0:37  Probe (Chrono Boost)  
  15  0:39  Gateway  
  16  0:48  Assimilator, Probe (Chrono Boost)  
  17  0:58  Probe (Chrono Boost)  
  18  1:12  Probe (Chrono Boost)  
  19  1:23  Probe (Chrono Boost)  
  20  1:27  Cybernetics Core  
  20  1:48  Nexus  
  20  1:55  Probe (Chrono Boost)  
  20  1:58  Assimilator  
  21  2:05  Probe (Chrono Boost)  
  21  2:20  Gateway  
  21  2:23  Pylon  
  21  2:24  Warp Gate  
  22  2:30  Probe (Chrono Boost)  
  22  2:34  Pylon  
  22  2:42  Gateway  
  22  2:44  Probe (Chrono Boost)  
  23  2:55  Probe (Chrono Boost)  
  23  2:57  Pylon  
  24  3:02  Stalker  
  26  3:08  Probe (Chrono Boost)  
  26  3:17  Stargate  
  26  3:23  Probe (Chrono Boost)  
  26  3:25  Probe (Chrono Boost)  
  30  3:34  Mothership Core (Chrono Boost)  
  30  3:42  Probe (Chrono Boost)  
  30  3:46  Stalker  
  30  3:47  Stalker  
  35  3:52  Probe (Chrono Boost)  
  36  4:01  Oracle  
  39  4:19  Probe (Chrono Boost)  
  39  4:21  Probe (Chrono Boost)  
  41  4:30  Probe (Chrono Boost)  
  42  4:32  Stalker x3, Probe (Chrono Boost)  
  49  4:40  Probe (Chrono Boost)  
  49  4:42  Probe (Chrono Boost)  
  51  5:03  Stalker x3  
  58  5:07  Assimilator, Probe (Chrono Boost)  
  58  5:11  Assimilator  
  58  5:17  Probe (Chrono Boost)  
  56  5:27  Stalker x3  
  62  5:53  Pylon  
  62  5:55  Pylon  
  62  6:01  Pylon  
  62  6:04  Pylon  
  62  6:10  Gateway  
  62  6:11  Gateway  
  62  6:13  Gateway  
  62  6:20  Pylon  
  62  6:21  Pylon  
  62  6:24  Forge x2  
  62  6:28  Pylon  
  62  6:30  Pylon  
  62  6:35  Stalker x3  
  62  6:39  Probe (Chrono Boost)  
  69  6:41  Probe (Chrono Boost)  
  70  6:49  Probe (Chrono Boost)  
  70  6:52  Probe (Chrono Boost)  
  72  6:56  Void Ray  
  76  7:02  Probe (Chrono Boost)  
  76  7:03  Probe (Chrono Boost)  
  78  7:13  Probe (Chrono Boost)  
  78  7:14  Probe (Chrono Boost)  
  69  7:25  Stalker x3  
  69  7:26  Stalker x2  
  63  7:56  Stalker x3  
  63  7:57  Stalker x2  
Tags
 
Add a new tag
Caveats
  • Supply blocks, unpowered buildings, or Contaminate may cause inaccurate times.
  • Supply counts are checked every 10 seconds.